 Dungeon Crawl Stone Soup version 0.27-a0-705-ga0013940fb (webtiles) character file.

Game seed: 10231543974762794010

2111 sleeves the Basher (level 9, -11/71 HPs)
             Began as a Minotaur Wanderer on Mar 22, 2021.
             Shot with a stone by an orc warrior (24 damage)
             ... on level 6 of the Dungeon.
             The game lasted 00:13:26 (10639 turns).

sleeves the Basher (Minotaur Wanderer)             Turns: 10639, Time: 00:13:26

Health: -11/71     AC:  9    Str: 19    XL:     9   Next: 7%
Magic:  15/15      EV: 11    Int:  9    God:
Gold:   385        SH:  0    Dex: 11    Spells: 18/18 levels left

rFire    + . .     SeeInvis .   a - +11 rapier "Jelly's Death" {protect, rF+}
rCold    . . .     Faith    .   (no shield)
rNeg     . . .     Spirit   .   f - +0 scale mail
rPois    .         Reflect  .   (helmet restricted)
rElec    .         Harm     .   (no cloak)
rCorr    .         Rampage  .   k - +0 pair of gloves
Will     .....                  r - +0 pair of boots
Stlth    ..........             (no amulet)
HPRegen  0.21/turn              (no ring)
MPRegen  0.14/turn              (no ring)

@: no status effects
A: horns 2, retaliatory headbutt
a: no special abilities


You were on level 6 of the Dungeon.
You visited 2 branches of the dungeon, and saw 8 of its levels.
You also visited: Sewer.

You collected 385 gold pieces.

Inventory:

Hand Weapons
 a - the +11 rapier "Jelly's Death" (weapon) {protect, rF+}
   (You took it off a human on level 6 of the Dungeon)

   It grants its wielder temporary protection when it strikes (+7 to AC).
   It protects you from fire.
 m - a +0 morningstar
   (You found it on level 6 of the Dungeon)
 u - a +2 mace of pain
   (You took it off an orc priest on level 5 of the Dungeon)
 v - a +0 short sword of venom
   (You took it off Duvessa on level 7 of the Dungeon)
Armour
 f - a +0 scale mail (worn)
   (You found it on level 1 of the Dungeon)
 k - a +0 pair of gloves (worn)
   (You found it on level 2 of the Dungeon)
 r - a +0 pair of boots (worn)
   (You found it on level 4 of the Dungeon)
Wands
 h - a wand of mindburst (5)
   (You found it on level 6 of the Dungeon)
Scrolls
 b - 2 scrolls of fear
 c - a scroll of magic mapping {unknown}
 d - 2 scrolls of teleportation
 i - a scroll of summoning {unknown}
 j - 2 scrolls of random uselessness {unknown}
 p - 2 scrolls of fog
 q - a scroll of enchant weapon {unknown}
 s - a scroll of immolation {unknown}
 t - a scroll of noise {unknown}
Potions
 g - 3 potions of curing
 l - a potion of invisibility
 n - a potion of berserk rage
 o - a potion of brilliance
 w - a potion of heal wounds


   Skills:
 - Level 4.2 Fighting
 + Level 8.9 Maces & Flails
 - Level 1.1 Crossbows
 - Level 1.0 Throwing
 - Level 4.0 Armour
 - Level 4.0 Dodging
 - Level 1.5 Stealth
 + Level 5.1 Spellcasting
 - Level 1.0 Evocations


You had 18 spell levels left.
You didn't know any spells.
Your spell library was empty.

Dungeon Overview and Level Annotations

Branches:
Dungeon (7/15)             Temple (1/1) D:4           Sewer (visited)

Altars:
Cheibriados
Dithmenos
Elyvilon
Fedhas
Kikubaaqudgha
Makhleb
Nemelex Xobeh
Okawaru
Qazlal
Ru
Uskayaw
Vehumet
Wu Jian
Xom
Zin
The Shining One

Shops:
D:4 :


Innate Abilities, Weirdness & Mutations

You have a pair of horns on your head.
You reflexively headbutt those who attack you in melee.


Message History

You are too injured to fight recklessly!
You are too injured to fight recklessly!
You are too injured to fight recklessly!
You are too injured to fight recklessly!
You are too injured to fight recklessly!
You are too injured to fight recklessly!
You are too injured to fight recklessly!
You completely miss the orc priest.
The orc priest is moderately wounded.
The orc priest closely misses you. The orc barely misses you.
The orc hits you with a +0 mace.
Unknown command.
You closely miss the orc priest.
The orc priest is moderately wounded.
The orc priest hits you with a +0 mace. The orc hits you but does no damage.
The orc barely misses you.
You thump the orc priest!
You headbutt the orc priest, but do no damage.
The orc priest is almost dead.
The orc priest hits you with a +0 mace.
* * * LOW HITPOINT WARNING * * *
The orc hits you but does no damage. The orc closely misses you.
The orc priest hits you but does no damage.
Unknown command.
You sock the orc priest!
You kill the orc priest!
The orc hits you with a +0 dagger.
* * * LOW HITPOINT WARNING * * *
The orc hits you with a +0 mace.
* * * LOW HITPOINT WARNING * * *
You thump the orc!
You kill the orc!
The orc hits you with a +0 mace.
* * * LOW HITPOINT WARNING * * *
Your Maces & Flails skill increases to level 6!
You sock the orc!
You kill the orc!
You see here a +0 mace.
You start resting.
HP restored.
There is a stone staircase leading down here.
Things that are here:
a +0 dagger; an orc skeleton
Things that are here:
a +0 mace; a +0 scale mail; an orc skeleton
Found 14 arrows.
Found a dagger.
You see here 25 bolts.
An orc comes into view. It is wielding a +0 club.
The orc shouts!
You hear a shout!
The orc throws a stone.
The stone hits you but does no damage.
An orc is nearby!
An orc is nearby!
An orc wizard comes into view. It is wielding a +0 dagger.
The orc wizard shouts!
An orc comes into view. It is wielding a +0 war axe.
The orc throws a stone.
The stone hits you but does no damage.
The orc wizard points at you and mumbles some strange words.
The magic dart hits you.
The orc throws a stone.
The stone hits you but does no damage.
The orc wizard gestures at you while chanting.
The puff of flame hits you but does no damage.
The orc wizard gestures at you while chanting.
You are confused.
You are too confused!
You are too confused!
You are too confused!
The orc wizard gestures at itself while chanting.
The orc wizard flickers and vanishes!
Deactivating autopickup; reactivate with Ctrl-A.
The orc throws a stone.
The stone hits you but does no damage.
You're too confused to move!
A puff of flame appears from out of thin air!
The puff of flame hits you.
You feel less confused.
There is a stone staircase leading down here.
The orc throws a stone.
The stone barely misses you.
A magic dart appears from out of thin air!
The magic dart hits you!
You are confused.
Things that are here:
a +0 hand axe; a +0 scale mail You bump into the rock wall.
You bump into the rock wall.
You bump into the rock wall.
You feel less confused. The orc barely misses you.
The orc hits you with a +0 war axe. The orc hits you but does no damage.
The orc closely misses you.
You sock the orc!
You kill the orc!
The orc throws a stone.
The stone hits you. Something hits you but does no damage.
You see here a +0 war axe.
You hit something. Something hits you but does no damage.
The orc throws a stone.
The stone closely misses you.
You hit something. Your headbutt misses something.
You hear some strange, mumbled words.
A magic dart appears from out of thin air!
The magic dart hits you.
The orc throws a stone.
You are too injured to fight recklessly!
You are too injured to fight recklessly!
You are too injured to fight recklessly!
You are too injured to fight recklessly!
You are too injured to fight recklessly!
You are too injured to fight recklessly!
You are too injured to fight recklessly!
You are too injured to fight recklessly!
You are too injured to fight recklessly!
You are too injured to fight recklessly!
You are too injured to fight recklessly!
You are too injured to fight recklessly!
You are too injured to fight recklessly!
You are too injured to fight recklessly!
You are too injured to fight recklessly!
You are too injured to fight recklessly!
You are too injured to fight recklessly!
You are too injured to fight recklessly!
You are too injured to fight recklessly!
You are too injured to fight recklessly!
You are too injured to fight recklessly!
You are too injured to fight recklessly!
You are too injured to fight recklessly!
You are too injured to fight recklessly!
You sock something!
Reactivating autopickup.
You feel a bit more experienced.
You have reached level 8!
You feel stronger.
You barely miss the orc. You headbutt the orc!
You kill the orc!
You now have 322 gold pieces (gained 18).
Items here: ( )) [.
Key pressed, stopping explore.
Things that are here:
a +0 hand axe; a +0 scale mail Key pressed, stopping explore.
You now have 335 gold pieces (gained 13).
You now have 346 gold pieces (gained 11).
An ufetubus comes into view.
The ufetubus shouts!
The ufetubus moves out of view.
An ufetubus is nearby!
The human shouts!
The human shoots a stone.
The stone hits you!
You barely miss the ufetubus.
The ufetubus hits you but does no damage.
The ufetubus hits you.
The human shoots a stone.
The stone hits you.
You closely miss the ufetubus. The ufetubus hits you.
The ufetubus hits you but does no damage.
The human shoots a stone.
The stone completely misses you. The ufetubus misses you.
You furiously retaliate!
You headbutt the ufetubus. The ufetubus hits you.
You closely miss the ufetubus.
The ufetubus is almost dead.
The ufetubus hits you but does no damage. x2
The human shoots a stone.
The stone hits you.
The ufetubus hits you but does no damage.
The ufetubus barely misses you.
The human shoots a stone.
The stone barely misses you.
The ufetubus hits you but does no damage.
The ufetubus hits you. The ufetubus completely misses you.
You furiously retaliate!
You headbutt the ufetubus, but do no damage.
The ufetubus misses you. The ufetubus hits you.
The ufetubus hits you but does no damage.
The ufetubus hits you but does no damage.
The ufetubus misses you. The ufetubus barely misses you.
The ufetubus hits you but does no damage.
The ufetubus hits you but does no damage.
The ufetubus barely misses you. The ufetubus closely misses you. x2
The ufetubus hits you but does no damage.
The ufetubus closely misses you. The ufetubus barely misses you. x2
The ufetubus hits you but does no damage.
The ufetubus barely misses you. The ufetubus closely misses you.
The ufetubus hits you. The ufetubus barely misses you.
The ufetubus completely misses you.
The ufetubus hits you but does no damage.
The ufetubus closely misses you.
The ufetubus hits you but does no damage.
The ufetubus completely misses you.
The human shoots a stone.
The stone closely misses you.
There is a stone staircase leading up here.
You see here a potion of attraction.
The ufetubus hits you.
The ufetubus hits you but does no damage. x2
The ufetubus hits you.
The ufetubus hits you but does no damage.
The ufetubus barely misses you.
You climb upwards.
There is a stone staircase leading down, spattered with blood here.
You barely miss the ufetubus.
The ufetubus is severely wounded.
The ufetubus barely misses you.
The ufetubus hits you but does no damage.
The ufetubus hits you. The ufetubus closely misses you.
You are too injured to fight recklessly!
You are too injured to fight recklessly!
You are too injured to fight recklessly!
You are too injured to fight recklessly!
You are too injured to fight recklessly!
You are too injured to fight recklessly!
You are too injured to fight recklessly!
You are too injured to fight recklessly!
You are too injured to fight recklessly!
You are too injured to fight recklessly!
You closely miss the ufetubus.
The ufetubus is severely wounded.
The ufetubus closely misses you. The ufetubus barely misses you.
You barely miss the ufetubus. Your headbutt misses the ufetubus.
The ufetubus is severely wounded.
The ufetubus barely misses you. The ufetubus closely misses you.
The ufetubus barely misses you. x2
You sock the ufetubus!
You kill the ufetubus!
You see here a +0 hand axe.
You see here a +0 hand axe.
You start resting.
There is a stone staircase leading down, spattered with blood here.
You start resting.
HP restored.
You climb downwards.
The human shoots a stone.
The stone hits you.
The human shoots a stone.
The stone hits you.
There is a stone staircase leading up here.
You see here a potion of attraction.
The human shoots a stone.
The stone closely misses you.
Things that are here:
a +0 hand axe; a +0 scale mail The human shoots a stone.
The stone hits you!
The human unwields a +0 hunting sling.
The human wields the +11 rapier "Jelly's Death" {protect, rF+}.
The human hits you with the +11 rapier "Jelly's Death" {protect, rF+}!
You are too injured to fight recklessly!
The human unwields the +11 rapier "Jelly's Death" {protect, rF+}.
The human wields a +0 hunting sling.
The human shoots a stone.
The stone barely misses you.
Things that are here:
a +0 hand axe; a +0 scale mail You can't go up here!
The human shoots a stone.
The stone hits you.
* * * LOW HITPOINT WARNING * * *
There is a stone staircase leading up here.
You see here a potion of attraction.
The human shoots a stone.
The stone barely misses you.
You climb upwards.
There is a stone staircase leading down, spattered with blood here.
You start resting.
HP restored.
Unknown command.
You see here a +0 spear.
You see here 27 stones.
There is a stone staircase leading down here.
You climb downwards.
There is a stone staircase leading up here.
There is an open door here.
You now have 356 gold pieces (gained 10).
A human comes into view. It is wielding a +0 club.
A human is nearby!
A human is nearby!
You hit the human but do no damage. The human hits you but does no damage.
You completely miss the human. The human hits you with a +0 club!
You closely miss the human. The human hits you with a +0 club!
You hit the human.
The human is lightly wounded.
The human hits you with a +0 club.
You barely miss the human.
The human is lightly wounded.
The human hits you with a +0 club!
You are too injured to fight recklessly!
You are too injured to fight recklessly!
You are too injured to fight recklessly!
You are too injured to fight recklessly!
You are too injured to fight recklessly!
You are too injured to fight recklessly!
You miss the human. Your headbutt misses the human.
The human is lightly wounded.
The human barely misses you. You furiously retaliate!
You headbutt the human, but do no damage.
The human hits you but does no damage.
You hit the human but do no damage.
You headbutt the human, but do no damage.
The human is lightly wounded.
The human hits you with a +0 club.
You hit the human but do no damage.
The human is lightly wounded.
The human hits you with a +0 club.
There is an open door here.
There is a stone staircase leading up here.
The human hits you with a +0 club.
You climb upwards.
There is a stone staircase leading down here.
The human hits you with a +0 club.
* * * LOW HITPOINT WARNING * * *
The human hits you with a +0 club.
* * * LOW HITPOINT WARNING * * *
There is a shaft here.
The human falls through a shaft!
The shaft crumbles and collapses.
You start resting.
HP restored.
Done exploring.
Done exploring.
Done exploring.
Done exploring.
There is a stone staircase leading down, spattered with blood here.
You climb downwards.
The human shouts!
The human shoots a stone.
The stone barely misses you.
There is a stone staircase leading up here.
You see here a potion of attraction.
The human shoots a stone.
The stone hits you.
You climb upwards.
There is a stone staircase leading down, spattered with blood here.
HP restored.
You see here a +0 spear.
There is a shaft here.
You see here 12 stones.
You see here a +0 flail.
Key pressed, stopping travel.
You can't go down here!
(D) Dungeon (T) Temple
Where to? (Enter - D:5 @ (x,y), ? - help)
There is a stone staircase leading down here.
You climb downwards.
There is a stone staircase leading up here.
A human is nearby!
You see here a +0 war axe.
Items here: ( )) [.
There is a stone staircase leading up here.
You see here a potion of attraction.
Things that are here:
a +0 hand axe; a +0 scale mail The human shouts!
The human shoots a stone.
The stone hits you but does no damage.
The human shoots a stone.
The stone closely misses you.
Things that are here:
a +0 hand axe; a +0 scale mail
There is a stone staircase leading up here.
You see here a potion of attraction.
Aiming: Mindburst
Press: ? - help, Shift-Dir - straight line, f - human
Aim: a human, wielding a +0 hunting sling, wearing a +0 animal skin and quivering stones (chance to affect: 70%)
The human's mind is blasted!!
The human shoots a stone.
The stone hits you!
Aiming: Mindburst
Press: ? - help, Shift-Dir - straight line, f/p - human
Aim: a human, wielding a +0 hunting sling, wearing a +0 animal skin and quivering stones (severely wounded, chance to affect: 70%)
The human's mind is blasted!!
You blow up the human!
HP restored.
p - 2 scrolls labelled UTUUNULIOM (gained 1)
You now have 372 gold pieces (gained 16).
Items here: ( )) [.
a - the +11 rapier "Jelly's Death" {protect, rF+} The +11 rapier "Jelly's Death" {protect, rF+} hums with potential!
a - the +11 rapier "Jelly's Death" (weapon)
{protect, rF+} You swing at nothing.
You swing at nothing.
You see here 25 bolts.
e - 3 scrolls of identify A human comes into view.
It is wielding a +0 club.
A human is nearby!
The human hits you with a +0 club!
You hit the human.
Your weapon exudes an aura of protection.
You headbutt the human.
The human is lightly wounded.
The human hits you but does no damage.
You barely miss the human.
The human is lightly wounded.
The human hits you but does no damage.
You puncture the human!
The human is heavily wounded.
The human hits you with a +0 club.
You puncture the human! Your headbutt misses the human.
The human is severely wounded.
The human hits you with a +0 club!
You miss the human.
The human is severely wounded.
The human completely misses you. You furiously retaliate!
You headbutt the human! The human closely misses you.
You hit the human.
You kill the human!
Your Spellcasting skill increases to level 4!
No target in view!
Magic restored.
Things that are here:
a +0 club; a +0 animal skin; a human corpse A quokka comes into view.
A quokka is nearby!
Your scale mail prevents you from hitting the quokka.
You headbutt the quokka.
You kill the quokka!
No target in view!
No target in view!
No target in view!
No target in view!
No target in view!
No target in view!
No target in view! 2 orcs come into view.
The orc shouts! x2; You hear a shout! x2
An orc priest comes into view. It is wielding a +2 mace of pain.
There are monsters nearby!
There are monsters nearby!
An orc warrior comes into view. It is wielding a +0 glaive.
The orc warrior shouts!
The orc priest shouts!
You hear a shout!
An adder comes into view.
You see here a +0 dagger.
Things that are here:
a +0 hand axe; a +0 scale mail
There is a stone staircase leading up, spattered with blood here.
You see here a potion of attraction.
There is a stone staircase leading up, spattered with blood here.
You see here a potion of attraction.
The orc closely misses you.
You barely miss the orc. The orc barely misses you.
You puncture the orc!
Your weapon exudes an aura of protection.
You kill the orc!
The orc warrior hits you but does no damage.
The orc priest mumbles some strange prayers to Beogh against you.
Beogh smites you!
The orc warrior hits you from afar with a +0 glaive!!
You climb upwards.
There is a stone staircase leading down, spattered with blood here.
You are too injured to fight recklessly!
You are too injured to fight recklessly!
You are too injured to fight recklessly!
You are too injured to fight recklessly!
You are too injured to fight recklessly!
You are too injured to fight recklessly!
You are too injured to fight recklessly!
You are too injured to fight recklessly!
You are too injured to fight recklessly!
You closely miss the orc. The orc hits you but does no damage.
You hit the orc.
Your weapon exudes an aura of protection.
The orc is moderately wounded.
The orc hits you but does no damage.
You puncture the orc!
You kill the orc!
Things that are here:
a +0 falchion; a +0 hand axe; an orc corpse You start resting.
HP restored.
There is a stone staircase leading down, spattered with blood here.
You climb downwards.
The orc priest hits you with a +2 mace of pain.
There is a stone staircase leading up, spattered with blood here.
You see here a potion of attraction.
The orc priest hits you with a +2 mace of pain!
You climb upwards.
There is a stone staircase leading down, spattered with blood here.
You completely miss the orc priest.
The orc priest mumbles some strange prayers to Beogh against you.
Pain shoots through your body!
You are too injured to fight recklessly!
You are too injured to fight recklessly!
You are too injured to fight recklessly!
You are too injured to fight recklessly!
You are too injured to fight recklessly!
You are too injured to fight recklessly!
You are too injured to fight recklessly!
You are too injured to fight recklessly!
You are too injured to fight recklessly!
You are too injured to fight recklessly!
You are too injured to fight recklessly!
You are too injured to fight recklessly!
You are too injured to fight recklessly!
You are too injured to fight recklessly!
You closely miss the orc priest.
The orc priest hits you with a +2 mace of pain.
You writhe in agony.
You hit the orc priest.
Your weapon exudes an aura of protection.
The orc priest is lightly wounded.
The orc priest hits you but does no damage.
You hit the orc priest.
The orc priest is moderately wounded.
The orc priest hits you but does no damage.
You hit the orc priest.
The orc priest is severely wounded.
The orc priest closely misses you.
The orc priest hits you but does no damage.
You hit the orc priest.
The orc priest is almost dead.
The orc priest casts a cantrip, but nothing happens.
You puncture the orc priest!
You kill the orc priest!
Your Maces & Flails skill increases to level 7!
You see here a +2 mace of pain.
u - a +2 mace of pain You start resting.
HP restored.
Unknown command.
Okay, then.
Drop what? 21/52 slots (_ for help) (? for menu, Esc to quit)
You drop a +0 flail.
There is a stone staircase leading down, spattered with blood here.
You climb downwards.
There is a stone staircase leading up, spattered with blood here.
You see here a potion of attraction.
Things that are here:
a +0 hand axe; a +0 whip; a +0 scale mail
Things that are here:
a +0 scale mail; a +0 mace
There is a stone staircase leading down here.
You see here a +0 dagger.
Found an escape hatch in the ceiling.
An orc warrior is nearby!
The orc warrior hits you with a +0 glaive!!
You closely miss the orc warrior.
The orc warrior hits you with a +0 glaive!
* * * LOW HITPOINT WARNING * * *
The orc warrior hits you from afar with a +0 glaive!
* * * LOW HITPOINT WARNING * * *
There is an escape hatch in the ceiling here.
The orc warrior barely misses you. A mysterious force pulls you upwards.
The hatch slams shut behind you.
Key pressed, stopping explore.
HP restored.
Done exploring.
Done exploring.
(D) Dungeon (T) Temple
Where to? (Enter - D:6 @ (x,y), ? - help)
You see here a +0 flail.
There is a stone staircase leading down, spattered with blood here.
You climb downwards.
There is a stone staircase leading up, spattered with blood here.
You see here a potion of attraction.
An orc wizard is nearby!
An orc wizard is nearby!
The orc wizard hits you but does no damage.
You hit the orc wizard but do no damage.
Your weapon exudes an aura of protection.
You headbutt the orc wizard!
The orc wizard is heavily wounded.
The orc wizard hits you but does no damage.
You puncture the orc wizard!
You kill the orc wizard!
No target in view!
Things that are here:
a +0 dagger; a +0 robe
Things that are here:
a +0 animal skin; a +0 club The adder hisses angrily.
There is an open door here.
An adder is nearby!
An adder is nearby!
An adder is nearby!
Found 20 bolts.
You barely miss the adder. You headbutt the adder.
The adder is heavily wounded.
The adder bites you but does no damage.
You miss the adder.
The adder is heavily wounded.
The adder bites you but does no damage. x2
You closely miss the adder.
The adder is heavily wounded.
The adder misses you. You furiously retaliate!
You headbutt the adder!
You kill the adder!
No target in view!
A human comes into view. It is wielding a +0 flail.
Found 13 gold pieces.
There is an open door here.
A human is nearby!
A human is nearby!
You closely miss the human. The human barely misses you.
You closely miss the human. The human barely misses you.
The human hits you with a +0 flail.
You hit the human but do no damage.
Your weapon exudes an aura of protection.
You headbutt the human, but do no damage.
The human hits you but does no damage.
You hit the human. Your headbutt misses the human.
The human is lightly wounded.
The human hits you but does no damage.
You closely miss the human. Your headbutt misses the human.
The human is lightly wounded.
The human closely misses you.
You hit the human but do no damage.
The human is lightly wounded.
The human hits you but does no damage.
Your scale mail prevents you from hitting the human.
Your headbutt misses the human.
The human is lightly wounded.
The human misses you. The human hits you but does no damage.
You closely miss the human. Your headbutt misses the human.
The human is lightly wounded.
The human barely misses you.
You puncture the human!
You headbutt the human, but do no damage.
The human is moderately wounded.
The human hits you with a +0 flail.
You completely miss the human.
The human is moderately wounded.
The human hits you with a +0 flail!
You puncture the human! Your headbutt misses the human.
The human is heavily wounded.
The human hits you with a +0 flail!
You barely miss the human.
The human is heavily wounded.
The human hits you but does no damage. x2
You completely miss the human. Your headbutt misses the human.
The human is heavily wounded.
The human hits you with a +0 flail.
You are too injured to fight recklessly!
You are too injured to fight recklessly!
You are too injured to fight recklessly!
You are too injured to fight recklessly!
You are too injured to fight recklessly!
You are too injured to fight recklessly!
You are too injured to fight recklessly!
You are too injured to fight recklessly!
You are too injured to fight recklessly!
You are too injured to fight recklessly!
You are too injured to fight recklessly!
You are too injured to fight recklessly!
You barely miss the human. Your headbutt misses the human.
The human is heavily wounded.
The human hits you with a +0 flail.
You puncture the human!
The human is almost dead.
The human hits you with a +0 flail.
You puncture the human!
You kill the human!
Things that are here:
a +0 flail; a +0 scale mail; 20 bolts You now have 385 gold pieces (gained 13).
Search for what [? for help]? armor A hound skeleton comes into view.
A hound skeleton is nearby!
A hound skeleton is nearby!
A hound skeleton is nearby!
Things that are here:
a +0 flail; a +0 scale mail; 20 bolts
There is an open door, spattered with blood here.
You completely miss the hound skeleton.
The hound skeleton bites you but does no damage. x2
You puncture the hound skeleton!
Your weapon exudes an aura of protection.
The hound skeleton is moderately damaged.
The hound skeleton barely misses you. The hound skeleton bites you.
You hit the hound skeleton. You headbutt the hound skeleton.
The hound skeleton is almost destroyed.
The hound skeleton bites you but does no damage.
You puncture the hound skeleton!
You destroy the hound skeleton!
No target in view!
No target in view!
No target in view!
No target in view!
No target in view!
No target in view!
HP restored.
Found an escape hatch in the floor.
There is an open door here.
There is an open door here.
There is an escape hatch in the floor here.
Found 22 arrows.
You see here 22 arrows.
There is an open door here.
An orc comes into view. It is wielding a +0 trident.
The orc shouts!
The orc barely misses you.
Found a stone staircase leading down.
You barely miss the orc. The orc misses you.
You completely miss the orc. You headbutt the orc!
You kill the orc!
No target in view!
No target in view!
No target in view!
No target in view!
No target in view!
No target in view!
No target in view!
No target in view!
No target in view!
Things that are here:
a +0 trident; an orc corpse You open the door. 2 orcs and an orc warrior come into view.
The orc shouts!
There are monsters nearby!
You hit the orc warrior.
Your weapon exudes an aura of protection.
Your headbutt misses the orc warrior.
The orc warrior is lightly wounded.
The orc warrior hits you but does no damage.
You barely miss the orc warrior.
The orc warrior is lightly wounded.
The orc warrior throws a boomerang.
The boomerang hits you. The orc closely misses you. You furiously retaliate!
You headbutt the orc.
There is an open door here.
You closely miss the orc. Your headbutt misses the orc.
The orc closely misses you.
You puncture the orc!
Your weapon exudes an aura of protection.
You kill the orc!
You hit the orc warrior.
You headbutt the orc warrior, but do no damage.
The orc warrior is moderately wounded.
The orc warrior closely misses you. x2
You puncture the orc warrior!
The orc warrior is heavily wounded.
The orc warrior hits you with a +0 dire flail!
You puncture the orc warrior!
The orc warrior is almost dead.
The orc warrior hits you with a +0 dire flail.
You hit the orc warrior.
The orc warrior is almost dead.
The orc warrior closely misses you.
You closely miss the orc warrior. Your headbutt misses the orc warrior.
The orc warrior is almost dead.
The orc warrior hits you with a +0 dire flail!
You puncture the orc warrior!
You kill the orc warrior!
You puncture the orc!
You kill the orc!
There is an open door, spattered with blood here.
Items here: ( ))) [[ †.
Okay, then.
You start resting.
HP restored.
There is an open door here.
There is an open door here.
You open the door.
There is an open door here.
Done exploring.
Done exploring.
Done exploring.
(D) Dungeon (T) Temple
Where to? (Enter - D:6, ? - help)
There is an open door here.
There is a stone staircase leading down here.
You climb downwards.
Found a scroll labelled TOEZYDIOLIL.
There is a stone staircase leading up here.
q - a scroll labelled TOEZYDIOLIL Duvessa, Sister of Dowan comes into view.
She is wielding a +0 short sword of venom.
Duvessa shouts!
Found a stone staircase leading down.
Duvessa is nearby!
Aiming: Mindburst
Press: ? - help, Shift-Dir - straight line, f - Duvessa
Aim: Duvessa, wielding a +0 short sword of venom and wearing a +0 leather armour (chance to affect: 52%) Duvessa's mind is blasted!!
Unknown command.
There are no items here.
Duvessa drinks a potion.
Duvessa is healed!
Dowan, Brother of Duvessa comes into view.
He is wielding a +0 dagger.
Dowan shouts!
Dowan casts a spell.
Dowan blinks!
Aiming: Mindburst
Press: ? - help, Shift-Dir - straight line, f/p - Duvessa
Aim: Duvessa, wielding a +0 short sword of venom and wearing a +0 leather armour (heavily wounded, chance to affect: 52%) Duvessa's mind is blasted!
You hit Duvessa.
Your weapon exudes an aura of protection.
You kill Duvessa!
You hear a distant wail of despair.
Your Maces & Flails skill increases to level 8!
No target in view!
Dowan is nearby!
Dowan seems to find hidden reserves of power!
Dowan mumbles some strange words.
Dowan blinks!
Things that are here:
a +0 short sword of venom; a +0 leather armour; the elf corpse of Duvessa No target in view!
No target in view!
Magic restored.
Dowan is nearby!
Okay, then.
v - a +0 short sword of venom The +11 rapier "Jelly's Death" {protect, rF+} goes still.
Your +0 short sword of venom begins to drip with poison!
v - a +0 short sword of venom (weapon)
Dowan barely misses you. You furiously retaliate!
You headbutt Dowan! You barely miss Dowan.
Dowan is moderately wounded.
Dowan hits you with a +0 dagger.
Dowan gestures wildly while chanting.
Dowan blinks!
Dowan gestures at you while chanting. The shard of ice hits you!!
Things that are here:
a +0 leather armour; the elf corpse of Duvessa Dowan hits you but does no damage.
You hit Dowan. Your headbutt misses Dowan.
Dowan is heavily wounded.
Dowan completely misses you.
Dowan says, "Her death will not be in vain!"
Dowan closely misses you.
You hit Dowan.
Dowan is poisoned.
You headbutt Dowan, but do no damage.
Dowan is heavily wounded.
Dowan hits you with a +0 dagger.
You hit Dowan.
Dowan looks as sick as possible!
Your headbutt misses Dowan.
Dowan is heavily wounded.
Dowan hits you with a +0 dagger. Dowan gestures at you while chanting.
The shard of ice hits you!
* * * LOW HITPOINT WARNING * * *
You hit Dowan.
You kill Dowan!
Your +0 short sword of venom stops dripping with poison.
The +11 rapier "Jelly's Death" {protect, rF+} hums with potential!
a - the +11 rapier "Jelly's Death" (weapon)
{protect, rF+} You start resting.
HP restored.
Items here: ) [[ ÷.
Found a long smoking staff.
An ufetubus comes into view.
The ufetubus shouts!
An ufetubus is nearby!
You miss the ufetubus. Your headbutt misses the ufetubus.
The ufetubus misses you. The ufetubus closely misses you.
The ufetubus hits you. x2
You closely miss the ufetubus. The ufetubus closely misses you.
You furiously retaliate!
You headbutt the ufetubus!
You kill the ufetubus!
No target in view!
No target in view!
Found 29 stones.
w - a fizzy blue potion
Found a stone staircase leading up.
e - 4 scrolls of identify (gained 1)
There is a stone staircase leading up here.
Found 26 arrows.
As you read the scroll of identify, it crumbles to dust.
l - a potion of invisibility
As you read the scroll of identify, it crumbles to dust.
o - a potion of brilliance
As you read the scroll of identify, it crumbles to dust.
w - a potion of heal wounds
As you read the scroll of identify, it crumbles to dust.
p - 2 scrolls of fog You see here 26 arrows.
A bullfrog skeleton comes into view.
A bullfrog skeleton is nearby!
A bullfrog skeleton is nearby!
You hit the bullfrog skeleton.
Your weapon exudes an aura of protection.
The bullfrog skeleton is lightly damaged.
The bullfrog skeleton closely misses you.
You puncture the bullfrog skeleton! You headbutt the bullfrog skeleton!
The bullfrog skeleton is severely damaged.
The bullfrog skeleton hits you. The bullfrog skeleton misses you.
You puncture the bullfrog skeleton!
You destroy the bullfrog skeleton!
No target in view!
No target in view!
No target in view!
No target in view!
No target in view!
You see here 29 stones.
A phantom comes into view.
A phantom is nearby!
A phantom is nearby!
An ogre comes into view. It is wielding a +0 giant club.
The ogre shouts!
The phantom hits you!
The phantom blinks!
You blink.
The ogre moves out of view. 3 wights come into view.
You puncture the phantom!
Your weapon exudes an aura of protection.
The phantom is moderately damaged.
The phantom closely misses you. The phantom barely misses you.
The wight hits you with a +4 dagger!
You puncture the phantom! You headbutt the phantom.
The phantom is almost destroyed.
The phantom barely misses you. The wight hits you but does no damage.
You puncture the phantom!
You destroy the phantom!
The wight hits you with a +4 dagger.
A hound comes into view.
The hound barks!
The ogre hits you with a +0 giant club.
There is a stone staircase leading up here.
The wight hits you but does no damage.
You climb upwards.
There is a stone staircase leading down here.
You see here a +0 dagger.
You hit the wight but do no damage.
Your weapon exudes an aura of protection.
You headbutt the wight.
The wight is lightly damaged.
The wight closely misses you.
You hit the wight.
The wight is moderately damaged.
The wight closely misses you.
You hit the wight.
The wight is severely damaged.
The wight hits you but does no damage. The wight hits you with a +4 dagger!
You feel drained.
You closely miss the wight. You headbutt the wight.
You destroy the wight!
No target in view!
No target in view!
No target in view!
No target in view!
No target in view!
No target in view!
No target in view!
No target in view!
No target in view!
No target in view!
No target in view!
No target in view!
No target in view!
Things that are here:
a +4 dagger; a +0 robe; a +0 mace
There is a stone staircase leading down, spattered with blood here.
You see here a +0 dagger.
You start resting.
HP restored.
The orc warrior shouts!
An orc warrior is nearby!
Aiming: Mindburst
Press: ? - help, Shift-Dir - straight line, f - orc warrior
Aim: an orc warrior, wielding a +0 glaive and wearing a +0 chain mail (chance to affect: 70%)
The orc warrior's mind is blasted!!
Aiming: Mindburst
Press: ? - help, Shift-Dir - straight line, f/p - orc warrior
Aim: an orc warrior, wielding a +0 glaive and wearing a +0 chain mail (severely wounded, chance to affect: 70%)
The orc warrior's mind is blasted!
You blow up the orc warrior!
Your life force feels restored.
Your Spellcasting skill increases to level 5!
You have reached level 9!
Your experience leads to an increase in your attributes!
Increase (S)trength, (I)ntelligence, or (D)exterity?
You feel agile.
Things that are here:
a +0 glaive; a +0 chain mail
There is a stone staircase leading down here.
You climb downwards.
An ogre comes into view. It is wielding a +0 giant club.
Found 13 stones.
There is a stone staircase leading up here.
The ogre hits you with a +0 giant club! The ogre barely misses you.
You furiously retaliate!
You headbutt the ogre.
You climb upwards.
There is a stone staircase leading down here.
You barely miss the ogre. Your headbutt misses the ogre.
The ogre is lightly wounded.
The ogre hits you with a +0 giant club!
There is an open door here.
There is an open door, spattered with blood here.
Items here: ( ))) [[ ÷.
A bullfrog zombie comes into view.
The orc warrior shouts!
The orc warrior unwields a +0 trident.
The orc warrior wields the +10 hunting sling of Diet Blood {flame, rElec rPois rC-}.
It bursts into flame!
The orc warrior shoots a stone.
The stone hits you!!
* * * LOW HITPOINT WARNING * * *
The stone burns you.
* * * LOW HITPOINT WARNING * * *
Things that are here:
a +0 animal skin; a +0 club The bullfrog zombie sets off the alarm!
The alarm trap emits a blaring wail!
A sentinel's mark forms upon you.
Things that are here:
a +0 mace; a +0 robe; a +4 dagger The sentinel's mark upon you fades away.
There is an escape hatch in the ceiling here.
There is an escape hatch in the ceiling here.
You puncture the ogre!
Your weapon exudes an aura of protection.
Your headbutt misses the ogre.
The ogre is moderately wounded.
The ogre closely misses you. You furiously retaliate!
You headbutt the ogre. You puncture the ogre! You headbutt the ogre!
You kill the ogre!
You puncture the bullfrog zombie!
The bullfrog zombie is moderately damaged.
The bullfrog zombie misses you. You furiously retaliate!
You headbutt the bullfrog zombie!
The bullfrog zombie hits you but does no damage.
You barely miss the bullfrog zombie.
The bullfrog zombie is severely damaged.
The bullfrog zombie hits you but does no damage.
The bullfrog zombie hits you.
You completely miss the bullfrog zombie.
You headbutt the bullfrog zombie!
You destroy the bullfrog zombie!
The orc warrior shoots a stone.
The stone misses you.
The orc warrior shoots a stone.
The stone barely misses you.
The orc warrior shoots a stone.
The stone barely misses you.
The orc warrior shoots a stone.
The stone hits you!!
* * * LOW HITPOINT WARNING * * *
The stone burns you.
* * * LOW HITPOINT WARNING * * *
The orc warrior shoots a stone.
The stone hits you!!
You die...

......o..##....# #.#
#.......
.........##....# #.#
########
.........##....# #.#
.........##....######o#
.........##.......Z...#
.........#####.########
.........# #.#...#
.........# #.#.#.#
..>......# #.#@#o#
.........# #.#.#.#
####'##### #.#.#.# #.#
#.#.#.#
#.#########.#.#Z#
#...........o.#.#
###########.###.#
#.)...# #######


You could see an orc warrior.

Vanquished Creatures
  3 humans (D:6)
  Purgy (Sewer)
  Duvessa (D:7)
  2 orc warriors (D:6)
  An ogre (D:6)
  2 phantoms
  Dowan (D:7)
  A scorpion (D:5)
  A water moccasin skeleton (D:5)
  A wight (D:6)
  A bullfrog zombie (D:6)
  2 centaur zombies (D:5)
  A hound (D:5)
  7 orc priests
  A bullfrog skeleton (D:7)
  3 iguanas
  2 orc wizards (D:6)
  3 worker ants
  A hound skeleton (D:6)
  3 gnolls
  A river rat (D:3)
  11 adders
  A howler monkey skeleton (D:6)
  4 ufetubi
  A worm (D:2)
  2 dart slugs (D:2)
  17 orcs
  4 giant cockroaches
  6 goblins
  6 hobgoblins
  8 jackals
  8 oozes
  6 quokkas
  11 ball pythons
  9 bats
  8 frilled lizards
  5 kobolds
  6 rats
152 creatures vanquished.

Vanquished Creatures (others)
  An orc wizard (D:5)
  A quokka (D:4)
  2 fungi (D:5)
  9 plants
13 creatures vanquished.

Grand Total: 165 creatures vanquished

Notes
Turn   | Place    | Note
-------+----------+-------------------------------------------
     0 | D:1      | sleeves the Minotaur Wanderer began the quest for the Orb.
     0 | D:1      | sleeves set off with the following items: a +2 dagger, a
                  | scroll of fear, a potion of lignification, a scroll of
                  | teleportation, a +0 robe
     0 | D:1      | Reached XP level 1. HP: 18/18 MP: 0/0
   292 | D:1      | Reached XP level 2. HP: 24/25 MP: 1/1
   990 | D:2      | Reached skill level 1 in Maces & Flails
   995 | D:2      | Reached skill level 3 in Fighting
   995 | D:2      | Reached skill level 2 in Armour
   995 | D:2      | Reached XP level 3. HP: 30/31 MP: 2/2
  1246 | D:2      | Reached XP level 4. HP: 30/38 MP: 4/4
  1355 | D:2      | Reached skill level 3 in Dodging
  1501 | D:2      | Found a faded altar of an unknown god.
  1958 | D:3      | Reached skill level 1 in Spellcasting
  2251 | D:3      | Found a hide-covered altar of Uskayaw.
  2450 | D:3      | Reached skill level 2 in Maces & Flails
  2453 | D:3      | Found a glowing drain.
  2480 | Sewer    | Entered a sewer
  2491 | Sewer    | Reached XP level 5. HP: 31/45 MP: 5/5
  2595 | Sewer    | Noticed Purgy
  2646 | Sewer    | HP: 20/45 [Purgy (5)]
  2650 | Sewer    | Killed Purgy
  2651 | Sewer    | Reached skill level 3 in Armour
  3201 | D:4      | Noticed an ogre
  3244 | D:4      | Reached skill level 4 in Fighting
  3245 | D:4      | Found a radiant altar of Vehumet.
  3287 | D:4      | Found a staircase to the Ecumenical Temple.
  3307 | D:4      | Reached XP level 6. HP: 30/52 MP: 7/7
  3312 | D:4      | HP: 18/52 [iguana (9)]
  3314 | D:4      | HP: 3/52 [iguana (7)]
  3323 | Temple   | Entered the Ecumenical Temple
  3726 | D:4      | Found Yggydi's Book Boutique.
  3791 | D:4      | HP: 23/52 [worker ant (6)]
  3796 | D:4      | HP: 16/52 [poisoned by a worker ant]
  3802 | D:4      | HP: 11/52 [poisoned by a worker ant]
  3807 | D:4      | HP: 8/52 [poisoned by a worker ant]
  3813 | D:4      | HP: 6/52 [poisoned by a worker ant]
  3819 | D:4      | HP: 5/52 [poisoned by a worker ant]
  3827 | D:4      | HP: 4/52 [poisoned by a worker ant]
  4121 | D:4      | Found a sacrificial altar of Ru.
  4168 | D:4      | Found an iron altar of Okawaru.
  4448 | D:3      | HP: 23/52 [orc/+0 flail (7)]
  4451 | D:3      | Reached skill level 3 in Maces & Flails
  4451 | D:3      | Reached skill level 4 in Dodging
  4651 | D:4      | HP: 25/52 [orc priest/+0 flail (8)]
  4846 | D:4      | Found a white marble altar of Elyvilon.
  5100 | D:5      | Entered Level 5 of the Dungeon
  5261 | D:5      | Found a blossoming altar of Fedhas.
  5263 | D:5      | Found a stormy altar of Qazlal.
  5355 | D:5      | Reached skill level 4 in Armour
  5355 | D:5      | Reached skill level 2 in Spellcasting
  5362 | D:5      | Reached XP level 7. HP: 49/59 MP: 7/9
  5814 | D:5      | Reached skill level 4 in Maces & Flails
  6190 | D:5      | Reached skill level 5 in Maces & Flails
  6452 | D:5      | Reached skill level 3 in Spellcasting
  6536 | D:6      | HP: 29/59 [iguana (8)]
  6542 | D:6      | HP: 17/59 [iguana (9)]
  6775 | D:5      | HP: 24/59 [orc priest/divine providence (16)]
  6776 | D:5      | HP: 11/59 [orc priest/divine providence (13)]
  6943 | D:5      | HP: 26/59 [orc priest/divine providence (12)]
  7271 | D:6      | Noticed a human
  7420 | D:6      | HP: 28/59 [orc priest/+0 mace (2)]
  7423 | D:6      | Reached skill level 6 in Maces & Flails
  7690 | D:6      | Reached XP level 8. HP: 39/66 MP: 12/12
  7882 | D:6      | Identified the +11 rapier "Jelly's Death" {protect, rF+}
  8030 | D:6      | HP: 32/66 [human/stone (2)]
  8276 | D:5      | HP: 30/66 [human/+0 club (6)]
  8295 | D:5      | HP: 33/66 [human/+0 club (1)]
  8690 | D:6      | Reached skill level 4 in Spellcasting
  8985 | D:5      | Reached skill level 7 in Maces & Flails
  9153 | D:6      | HP: 30/66 [orc warrior/+0 glaive (16)]
  9154 | D:6      | HP: 14/66 [orc warrior/+0 glaive (16)]
  9934 | D:7      | Noticed Duvessa
  9936 | D:7      | Noticed Dowan
  9941 | D:7      | Killed Duvessa
  9942 | D:7      | Reached skill level 8 in Maces & Flails
  9959 | D:7      | HP: 22/66 [Dowan/shard of ice (14)]
  9960 | D:7      | Killed Dowan
 10467 | D:6      | Reached skill level 5 in Spellcasting
 10467 | D:6      | Reached XP level 9. HP: 70/71 MP: 15/15
 10548 | D:6      | Identified the +10 hunting sling of Diet Blood {flame,
                  | rElec rPois rC-}
 10549 | D:6      | HP: 29/71 [orc warrior/stone (24)]
 10638 | D:6      | HP: 18/71 [orc warrior/stone (26)]
 10639 | D:6      | Shot with a stone by an orc warrior

Illustrated notes

Levels and vault maps discovered:
D:1:      co_arrival_random_square_maze, layout_loops_cross,
          minmay_misc_feat_chi
D:2:      layout_basic, chequers_ecumenical_altar_simple_redux, serial_glass,
          glass_columns_b, glass_columns_a, glass_columns_b, glass_columns_a
D:3:      layout_loops_ring, lemuel_doored_altar, portal_sewer_entry_e
D:4:      layout_loops_ring, nicolae_vehumet_radiance, elyvilon_altar_4,
          lemuel_coloured_pillars_altar, minmay_temple_entry_grid, serial_shops,
          nicolae_shop_competitors_out_of_business, lemuel_altar_in_water
D:5:      layout_basic, grunt_temple_overflow_forces_of_nature,
          skrybe_limestone_x
D:6:      layout_basic, serial_bayou_pond_c, minmay_ruffians
D:7:      layout_basic, old_standard_altar, nicolae_hepliaklqana_hazy_memory,
          serial_shops, shop_coins, fountainhead, uniq_duvessa
Temple:   nicolae_temple_figure_zero

Skill      XL: |  1  2  3  4  5  6  7  8 |
---------------+-------------------------+-----
Maces & Flails | 1 2 3 6 8 |  8.9
Fighting       | 3 4 |  4.2
Armour         | 2 3 4 |  4.0
Dodging        | 3 4 |  4.0
Spellcasting   | 1 2 3 5 |  5.1
Crossbows      | |  1.1
Throwing       | |  1.0
Stealth        | |  1.5
Evocations     | |  1.0

Action                   |  1- 3 |  4- 6 |  7- 9 || total
-------------------------+-------+-------+-------++-------
Melee: Dagger            |    93 |   206 |       ||   299
       Headbutt          |    12 |    31 |    37 ||    80
       Flail             |       |    40 |   137 ||   177
       Mace              |       |     4 |       ||     4
       Morningstar       |       |       |     5 ||     5
       Rapier            |       |       |    77 ||    77
       Short sword       |       |       |     5 ||     5
Evoke: Wand              |       |       |     6 ||     6
  Use: Potion            |       |     3 |       ||     3
       Scroll            |       |       |     6 ||     6
Armor: Robe              |     4 |       |       ||     4
       Scale mail        |    26 |   143 |   111 ||   280
       Skin              |       |   102 |       ||   102
Dodge: Dodged            |    42 |   139 |   140 ||   321

Table legend: (Time is in decaauts)
 A = Elapsed time spent in this place.
 B = Non-inter-level travel time spent in this place.
 C = Inter-level travel time spent in this place.
 D = Time resting spent in this place.
 E = Time spent auto-exploring this place.
 F = Levels seen in this place.
 G = Mean time per level.
                   A        B        C        D        E       F      G
               +--------+--------+--------+--------+--------+-----+--------+
         Total |  10714 |  10195 |    519 |   2586 |   5927 |   9 | 1190.4 |
       Dungeon |   9919 |   9409 |    510 |   2382 |   5425 |   7 | 1417.0 |
        Temple |    372 |    363 |      9 |      0 |    362 |   1 |  372.0 |
         Sewer |    422 |    422 |      0 |    204 |    140 |   1 |  422.0 |
               +--------+--------+--------+--------+--------+-----+--------+

Top non-repeatable levels by time:
     D:5: 2572 daAuts
     D:6: 2092 daAuts
     D:4: 1649 daAuts
     D:3: 1240 daAuts
     D:1: 982 daAuts
     D:2: 938 daAuts
     D:7: 443 daAuts
   Sewer: 422 daAuts
  Temple: 372 daAuts
